Map: Frostline LE

Players

wootwoot - Winner!

  • Race: Protoss Protoss
  • League: Diamond
  • Spawn Location: 7:00

realBigHuang

  • Race: Terran Terran
  • League: Grandmaster
  • Spawn Location: 1:00

VOD

Have the link to the VOD?

Description

Time

  • Played on: April 23, 2025, 7:05 a.m.
  • Length: 3:35
Show
View Real Time Build Order
Export as new Build Order

wootwoot Protoss - Winner!

Build Orders:  

Get SALT Encoding   

  12  0:00  Probe  
  13  0:12  Probe  
  14  0:19  Pylon  
  14  0:24  Probe  
  15  0:37  Gateway  
  15  0:41  Assimilator  
  15  0:48  Pylon  
  15  1:07  Gateway  
  15  1:12  Gateway  
  15  1:26  Cybernetics Core  
  15  1:31  Probe  
  16  1:43  Probe  
  17  1:51  Stalker x2  
  21  2:13  Stalker  
  21  2:16  Stalker  
  25  2:31  Probe  
  26  2:42  Assimilator  
  26  2:43  Probe  
  27  2:53  Stalker  
  29  3:00  Probe  
  30  3:12  Probe  
Show
View Real Time Build Order
Export as new Build Order

realBigHuang Terran 

Build Orders:  

Get SALT Encoding   

  12  0:00  SCV  
  13  0:12  SCV  
  14  0:17  Supply Depot  
  14  0:24  SCV  
  15  0:38  SCV  
  15  0:39  Barracks  
  16  0:44  Refinery  
  16  0:50  SCV  
  17  0:58  Refinery  
  17  1:02  SCV  
  18  1:14  Engineering Bay  
  18  1:15  SCV  
  19  1:27  Supply Depot  
  19  1:30  Barracks Reactor  
  19  1:40  Orbital Command  
  19  1:54  Factory  
  19  2:06  Marine x2  
  21  2:13  SCV, Bunker  
  22  2:24  Marine x2  
  22  2:25  SCV  
  23  2:37  SCV, Factory Tech Lab  
  24  2:49  SCV  
  24  2:51  Marine x2  
  24  2:54  Bunker  
  24  2:56  Siege Tank  
  28  3:02  SCV  
  28  3:09  Marine  
  28  3:14  SCV  
Tags
 
Add a new tag
Caveats
  • Supply blocks, unpowered buildings, or Contaminate may cause inaccurate times.
  • Supply counts are checked every 10 seconds.